 Dungeon Crawl Stone Soup version 0.20-a0-502-g555d78b (webtiles) character file.

1302 Scytalen the Zephyrmancer (level 8, -13/41 HPs)
             Began as a Tengu Air Elementalist on Jan 20, 2017.
             Mangled by a hornet (14 damage)
             ... on level 6 of the Dungeon.
             The game lasted 00:24:32 (8599 turns).

Scytalen the Zephyrmancer (Tengu Air Elementalist)  Turns: 8599, Time: 00:24:33

Health: -13/41     AC:  1    Str:  8    XL:     8   Next: 57%
Magic:  10/12      EV: 12    Int: 19    God:
Gold:   232        SH:  0    Dex: 14    Spells: 6/11 levels left

rFire    . . .     SeeInvis .   (no weapon)
rCold    . . .     Gourm    .   a - +0 robe
rNeg     + . .     Faith    .   (no shield)
rPois    .         Spirit   .   (helmet restricted)
rElec    .         Reflect  .   (no cloak)
rCorr    .         Harm     .   (no gloves)
MR       .....                  (boots unavailable)
Stlth    ++........             (no amulet)
Regen    0.2/turn               x - ring of flight
                                m - ring of positive energy

@: lethally poisoned (-13 -> -21), swift, slowed, slow
A: beak, talons 3, blurry vision 1, deformed body, able to fly 1
a: Fly, Evoke Flight


You were on level 6 of the Dungeon.
You were not hungry.

You visited 1 branch of the dungeon, and saw 6 of its levels.
You also visited: Sewer.

You collected 232 gold pieces.

Inventory:

Missiles
 e - 64 stones (quivered)
 q - 19 poisoned needles
 t - 2 throwing nets
Armour
 a - a +0 robe (worn)
Jewellery
 j - an uncursed ring of fire
 m - a ring of positive energy (left hand)
 x - a ring of flight (right hand)
Wands
 y - a wand of acid (0/15)
Scrolls
 n - 3 scrolls of teleportation
 o - a scroll of enchant weapon
 r - a scroll of remove curse
 w - 2 scrolls of fog
Potions
 d - 2 potions of cure mutation
 g - 2 potions of might {unknown}
 i - 6 potions of magic
 l - a potion of haste {unknown}
 p - a potion of curing
 u - a potion of lignification
 z - a potion of agility
Books
 b - a book of Air

   Spells                             Type                      Level
   a - Shock                          Conjuration/Air              1
   b - Swiftness                      Charms/Air                   2
   c - Repel Missiles                 Charms/Air                   2
   d - Static Discharge               Conjuration/Air              3
   e - Lightning Bolt                 Conjuration/Air              5
Comestibles
 c - 3 bread rations
 f - 3 beef jerkies
 h - 4 meat rations
 k - 7 fruits


   Skills:
 - Level 2.1 Dodging
 - Level 2.0 Stealth
 - Level 2.0 Spellcasting
 + Level 8.9 Conjurations
 - Level 2.2 Charms
 + Level 9.8 Air Magic


You had 6 spell levels left.
You knew the following spells:

 Your Spells              Type           Power        Failure   Level  Hunger
a - Shock                 Conj/Air       ####         1%          1    #......
b - Repel Missiles        Chrm/Air       ###...       1%          2    ###....
c - Swiftness             Chrm/Air       ###.....     1%          2    ###....


Dungeon Overview and Level Annotations

Branches:
Dungeon (6/15)
 Temple: D:4-7

Altars:

Shops:
D:4 =   D:6 :=(

Annotations:
D:6 Grinder


Innate Abilities, Weirdness & Mutations

You have a beak for a mouth.
You have claws for feet.
You can fly.
Scrolls take you a little longer to read.
Armour fits poorly on your strangely shaped body.


Message History

Okay, then.
You feel better. The hornet stings you.
You feel as though you will be slow longer.
The hornet closely misses you.
You regained 6 hp, and now have 18/41 hp.
Okay, then.
Evoke which item? (* to show all) (? for menu, Esc to quit)
Okay, then.
Okay, then.
Casting: Shock
Confirm with . or Enter, or press ? or * to list all spells.
You feel quick. The hornet stings you.
* * * LOW HITPOINT WARNING * * *
You feel as though you will be slow longer.
The hornet stings you!
* * * LOW HITPOINT WARNING * * *
You are lethally poisoned!
You feel as though you will be slow longer.
The hornet stings you!
You die...

##...#.......
#..#.....#
##.###....#
#...#..####
#.#...## #.###.#
#.###.# #.....#
####@.# # #y.#
###.#
##..######...##.#
##..).............
#.....#####.####..
#.....# #.#
######.....#
#.########
..........##
#.#.......
.........##
#<#.######


You could see a hornet.

Vanquished Creatures
  An ice beast (D:5)
  A sky beast (D:5)
  2 ogres
  3 wights (D:6)
  A howler monkey (D:4)
  A crimson imp (D:5)
  A centaur zombie (D:5)
  4 hounds
  An orc priest (D:4)
  3 orc wizards
  2 bullfrog skeletons
  2 iguanas
  3 worker ants
  A hound skeleton (D:4)
  A howler monkey zombie (D:6)
  4 gnolls
  11 adders
  A river rat (D:6)
  A shadow imp (D:6)
  An ooze (D:3)
  2 worms
  2 dart slugs
  4 leopard geckos (D:6)
  18 orcs
  2 ball pythons (Sewer)
  7 giant cockroaches
  6 goblins
  6 hobgoblins
  16 jackals
  16 kobolds
  3 quokkas
  A ball python skeleton (D:5)
  2 bats (D:1)
  10 frilled lizards
  A jackal zombie (D:5)
  A leopard gecko zombie (D:6)
  10 rats
  6 plants (Sewer)
158 creatures vanquished.

Notes
Turn   | Place    | Note
-------+----------+-------------------------------------------
     0 | D:1      | Scytalen the Tengu Air Elementalist began the quest for the Orb.
     0 | D:1      | Reached XP level 1. HP: 10/10 MP: 4/4
   369 | D:1      | Reached XP level 2. HP: 15/15 MP: 4/6
   392 | D:1      | Learned a level 2 spell: Repel Missiles
   395 | D:1      | Learned a level 2 spell: Swiftness
  1152 | D:2      | Reached XP level 3. HP: 19/19 MP: 0/7
  1312 | D:2      | Reached skill level 5 in Air Magic
  2212 | D:3      | Reached XP level 4. HP: 24/24 MP: 4/8
  2525 | D:3      | Gained mutation: You can fly. [Tengu growth]
  2525 | D:3      | Reached XP level 5. HP: 28/28 MP: 1/9
  2575 | D:3      | Reached skill level 6 in Air Magic
  3195 | D:4      | Noticed an ogre
  3284 | D:4      | Found Fotiss's Jewellery Emporium.
  3595 | D:4      | Reached skill level 5 in Conjurations
  3700 | D:4      | Reached XP level 6. HP: 32/32 MP: 4/10
  3769 | D:4      | Reached skill level 7 in Air Magic
  3900 | D:4      | Reached XP level 7. HP: 36/36 MP: 4/11
  4404 | D:4      | Reached skill level 8 in Air Magic
  4882 | D:4      | Upgraded the game from 0.20-a0-501-g0de2c2e to 0.20-a0-502-g555d78b
  4883 | D:5      | Entered Level 5 of the Dungeon
  6041 | D:5      | Reached skill level 9 in Air Magic
  6041 | D:5      | Reached XP level 8. HP: 41/41 MP: 6/12
  6149 | D:5      | Reached skill level 1 in Charms
  6156 | D:5      | Gained mutation: Scrolls take you a little longer to read. [mutagenic meat]
  6157 | D:5      | Gained mutation: You are resistant to hostile enchantments. (MR+) [mutagenic meat]
  6158 | D:5      | Gained mutation: Armour fits poorly on your strangely shaped body. [mutagenic meat]
  6159 | D:5      | Lost mutation: You are resistant to hostile enchantments. (MR+) [mutagenic meat]
  6290 | D:6      | Noticed Grinder
  6329 | D:6      | Found Kiboib's Weapon Shop.
  6480 | D:6      | Found Uruth's Book Boutique.
  6486 | D:6      | Found Ludephuc's Jewellery Boutique.
  6577 | D:6      | Found a glowing drain.
  6655 | Sewer    | Entered a sewer
  8581 | D:6      | Noticed a hornet
  8591 | D:6      | Paralysed by a hornet for 3 turns
  8595 | D:6      | HP: 1/41 [hornet (5)]
  8596 | D:6      | Paralysed by a hornet for 2 turns
  8599 | D:6      | Mangled by a hornet

Vault maps used:
D:1:      dpeg_arrival_radiant, minmay_misc_feat_tiny, serial_park_tiny_2,
          minmay_tetromino_o4
D:3:      first_bread
D:4:      serial_shops, shop, minmay_quantized
D:5:      wad_lake_hut
D:6:      serial_shops, kennysheep_little_box, shop_fountains, shop,
          nicolae_shop_trees, shop, gup_sewer_entry_bubbles, uniq_grinder
Sewer:    sewer_co_scattered_pipes

Skill      XL: |  1  2  3  4  5  6  7  8 |
---------------+-------------------------+-----
Conjurations   | 2 3 4 5 6 8 |  8.9
Air Magic      | 5 6 7 9 |  9.8
Charms         | 2 |  2.2
Dodging        | |  2.1
Stealth        | |  2.0
Spellcasting   | |  2.0

Action                   |  1- 3 |  4- 6 |  7- 9 || total
-------------------------+-------+-------+-------++-------
Melee: Unarmed           |       |       |  1120 ||  1120
       Kick              |       |       |   451 ||   451
       Peck              |       |       |   277 ||   277
       Dagger            |       |       |     4 ||     4
Throw: Stone             |       |       |     9 ||     9
 Cast: Shock             |    75 |    83 |   188 ||   346
       Repel Missiles    |     2 |       |       ||     2
       Swiftness         |       |       |     2 ||     2
Evoke: Wand              |       |       |     2 ||     2
  Use: Scroll            |       |     8 |     4 ||    12
       Potion            |       |       |     3 ||     3
  Eat: Chunk             |     5 |     6 |    22 ||    33
       Royal jelly       |       |       |     1 ||     1
       Pizza             |       |       |     1 ||     1
Armor: Robe              |     1 |     1 |     7 ||     9
Dodge: Dodged            |     6 |    10 |    54 ||    70
       Deflected         |     1 |       |     2 ||     3
